 Dungeon Sprint DCSS version 0.21-a0-79-g04744e2 (webtiles) character file.

72 Kidiri the Insei (level 4, -6/52 HPs)
             Began as a Demonspawn Transmuter on June 22, 2017.
             Was a Believer of Wu Jian.
             Mangled by a draconian
             ... wielding a +4 antimagic demon blade
              (18 damage)
             ... in the Dungeon (Sprint V: "Ziggurat Sprint").
             The game lasted 00:03:30 (483 turns).

Kidiri the Insei (Demonspawn Transmuter)             Turns: 483, Time: 00:03:30

Health: -6/52      AC:  2    Str: 22    XL:     4   Next: 6%
Magic:  1/9        EV: 24    Int: 15    God:    Wu Jian [**....]
Gold:   0          SH:  0    Dex: 24    Spells: 3/9 levels left

rFire    . . .     SeeInvis .     - Unarmed
rCold    . . .     Gourm    .   (shield currently unavailable)
rNeg     . . .     Faith    .   (armour currently unavailable)
rPois    x         Spirit   .   (helmet currently unavailable)
rElec    .         Reflect  .   (cloak currently unavailable)
rCorr    .         Harm     .   (gloves currently unavailable)
MR       .....     NoTele   +   (boots currently unavailable)
Stlth    ..........             (no amulet)
HPRegen  0.17/turn              y - +6 ring of dexterity
MPRegen  0.11/turn              C - +6 ring of strength

@: berserking (expiring), spider-form (expiring), very quick
A: no striking features
a: End Transformation, Renounce Religion


You were in the Dungeon.
You worshipped Wu Jian.
Wu Jian was pleased with you.
You were not hungry.
You were a venomous arachnid creature.
You visited 1 branch

Inventory:

Missiles
 a - 1009 arrows
Armour
 b - a +0 robe (melded)
 I - +5 gold dragon scales
Jewellery
 n - the ring "Pohax Coi" {rCorr rF+ rC+}
   (You found it in the Dungeon)

   [ring of resist corrosion]

   It protects you from fire.
   It protects you from cold.
 y - a +6 ring of dexterity (left front leg)
 z - a +6 ring of dexterity
 A - a +6 ring of intelligence
 B - a +6 ring of intelligence
 C - a +6 ring of strength (right front leg)
 D - a +6 ring of strength
 J - an uncursed ring of magical power
 K - an uncursed ring of protection from magic
Wands
 E - a wand of disintegration (7/24)
 F - a wand of iceblast (5/15)
 G - a wand of lightning (5/15)
 H - a wand of acid (5/15)
Scrolls
 j - 4 scrolls of blinking
 q - 4 scrolls of amnesia
 r - 3 scrolls of recharging
 s - 7 scrolls of fog
 t - 5 scrolls of identify
 u - 5 scrolls of remove curse
 v - 2 scrolls of fear
Potions
 e - 10 potions of curing
 f - 9 potions of heal wounds
 g - 6 potions of haste
 h - 7 potions of magic
 i - a potion of berserk rage
 k - 2 potions of brilliance
 l - 2 potions of invisibility
 m - 4 potions of resistance
 o - 5 potions of agility
 p - 5 potions of might
Books
 c - a book of Changes

   Spells                             Type                      Level
   a - Beastly Appendage              Transmutation                1
   b - Sticks to Snakes               Transmutation                2
   c - Spider Form                    Transmutation/Poison         3
   d - Ice Form                       Ice/Transmutation            4
   e - Blade Hands                    Transmutation                5
Comestibles
 d - 5 bread rations
 w - 42 fruits
 x - 4 meat rations


   Skills:
 + Level 3.2 Fighting
 + Level 2.6 Armour
 * Level 4.3 Dodging
 * Level 4.8 Unarmed Combat
 + Level 3.4 Spellcasting
 * Level 4.4 Transmutations
 + Level 0.0 Poison Magic


You had 3 spell levels left.
You knew the following spells:

 Your Spells              Type           Power        Failure   Level  Hunger
a - Beastly Appendage     Tmut           ###...       11%         1    None
b - Sticks to Snakes      Tmut           ###.....     14%         2    ##.....
c - Spider Form           Tmut/Pois      #.........   45%         3    ###....


Dungeon Overview and Level Annotations

Branches:
Dungeon (1/1)

Altars:
Ashenzari
Cheibriados
Dithmenos
Elyvilon
Fedhas
Gozag
Hepliaklqana
Kikubaaqudgha
Makhleb
Nemelex Xobeh
Okawaru
Qazlal
Ru
Sif Muna
Trog
Uskayaw
Vehumet
Wu Jian
Xom
Yredelemnul
Zin
The Shining One
Beogh
Jiyva
Lugonu

Annotations:
D 1 transporter


Innate Abilities, Weirdness & Mutations

((You have large cloven feet.))


Message History

The draconian is lightly wounded.
You attack the draconian from above, but your attack speed is too slow for a blow to land.
You repeatedly attack the yellow draconian from above.
You bite the yellow draconian!
The yellow draconian is poisoned.
The yellow draconian is lightly wounded.
You hit the yellow draconian but do no damage.
The yellow draconian looks as sick as possible!
The yellow draconian is lightly wounded.
You attack the draconian from above.
You closely miss the draconian.
The draconian is lightly wounded.
The draconian closely misses you.
You spin and attack the draconian.
You bite the draconian!
The draconian looks as sick as possible!
The draconian is moderately wounded.
You spin and attack the draconian.
You bite the draconian!
The draconian is poisoned.
The draconian is lightly wounded.
The draconian closely misses you.
The draconian hits you with a +4 antimagic demon blade!!
You die...

▓▓▓▓▓▓▓▓▓▓▓▓▓▓▓▓▓▓▓
▓.8©8.▓.8©8.▓.8©8.▓
▓..):.▓...}.▓.....▓
▓.....▓.....▓.....▓
▓.....▓.....▓.....▓
▓.§§d.▓.....▓..%%.▓
▓.§dd.▓...?.▓.....▓
▓.§sd.▓.....▓▓▓▓▓▓▓
▓▓▓▓▓▓▓▓▓▓▓▓▓


You could see a yellow draconian and 3 draconians.

Vanquished Creatures
  A crimson imp (D)
  2 river rats (D)
  A white imp (D)
  An ufetubus (D)
5 creatures vanquished.

Vanquished Creatures (others)
  Josephine (D)
  Erica (D)
  Maurice (D)
  Psyche (D)
  Prince Ribbit (D)
  Menkaure (D)
  Jessica (D)
  Terence (D)
8 creatures vanquished.

Grand Total: 13 creatures vanquished

Notes
Turn   | Place    | Note
-------+----------+-------------------------------------------
     0 | D        | Kidiri the Demonspawn Transmuter began the quest for the Orb.
     0 | D        | Reached XP level 1. HP: 15/15 MP: 3/3
     0 | D        | Found a deep blue altar of Sif Muna.
     0 | D        | Found a sacrificial altar of Ru.
     0 | D        | Found a bloodstained altar of Trog.
     0 | D        | Found a stormy altar of Qazlal.
     0 | D        | Found an iron altar of Okawaru.
     0 | D        | Found a sparkling altar of Nemelex Xobeh.
     0 | D        | Found a blossoming altar of Fedhas.
     2 | D        | Found a transporter.
     2 | D        | Found an ancient bone altar of Kikubaaqudgha.
     2 | D        | Found a viscous altar of Jiyva.
     2 | D        | Found a corrupted altar of Lugonu.
     2 | D        | Found a hazy altar of Hepliaklqana.
     2 | D        | Found a burning altar of Makhleb.
     2 | D        | Found an opulent altar of Gozag.
    50 | D        | Became a worshipper of the Wu Jian Council
    66 | D        | Reached skill level 1 in Armour
    66 | D        | Gained mutation: You have large cloven feet. [demonic ancestry]
    66 | D        | Reached XP level 2. HP: 23/23 MP: 3/5
    70 | D        | Learned a level 2 spell: Sticks to Snakes
   101 | D        | Entered arena 2.
   101 | D        | Found a transporter.
   116 | D        | Got the ring "Pohax Coi" {rCorr rF+ rC+}
   143 | D        | Killed Jessica
   192 | D        | Killed Menkaure
   271 | D        | Killed Maurice
   271 | D        | Killed Erica
   281 | D        | Killed Josephine
   291 | D        | Killed Psyche
   336 | D        | Entered arena 3.
   336 | D        | Noticed a crimson imp
   336 | D        | Found a transporter.
   343 | D        | Reached * piety under Wu Jian
   343 | D        | Reached XP level 3. HP: 25/28 MP: 3/7
   346 | D        | Reached ** piety under Wu Jian
   346 | D        | Reached XP level 4. HP: 30/35 MP: 3/9
   372 | D        | Learned a level 3 spell: Spider Form
   418 | D        | Killed Prince Ribbit
   454 | D        | Killed Terence
   470 | D        | Entered arena 4.
   470 | D        | Noticed a draconian
   470 | D        | Noticed a draconian
   470 | D        | Noticed a yellow draconian
   470 | D        | Noticed a draconian
   470 | D        | Found a transporter.
   483 | D        | Mangled by a draconian

Vault maps used:
D:        sprint_v

Skill      XL: |  1  2  3 |
---------------+----------+-----
Fighting       | 2 3 |  3.2
Armour         | 1 2 |  2.6
Dodging        | 3 4 |  4.3
Unarmed Combat | 4 |  4.8
Transmutations | 3 4 |  4.4
Spellcasting   | 3 |  3.4

Action                   |  1- 3 |  4- 6 || total
-------------------------+-------+-------++-------
Melee: Unarmed           |    13 |    13 ||    26
       Kick              |     5 |       ||     5
       Headbutt          |     3 |       ||     3
       Punch             |     1 |       ||     1
 Cast: Sticks to Snakes  |     2 |     1 ||     3
       Beastly Appendage |     2 |       ||     2
       Spider Form       |       |     1 ||     1
  Use: Potion            |     2 |     2 ||     4
Armor: Robe              |     1 |       ||     1
Dodge: Dodged            |    17 |     8 ||    25
